Map: Kairos Junction LE

Players

GOStephano (Stephano)

  • Race: Zerg Zerg
  • League: Grandmaster
  • Spawn Location: 11:00

HellraiseR - Winner!

  • Race: Protoss Protoss
  • Spawn Location: 5:00

Event: HomeStory Cup XIX

VOD

Have the link to the VOD?

Description

Time

  • Played on: June 29, 2019, 6:56 a.m.
  • Length: 7:40

All games in this series

Show
View Real Time Build Order
Export as new Build Order

GOStephano Zerg 

Build Orders: Hatch First, Ravager All-In 

Get SALT Encoding   

  12  0:01  Drone  
  13  0:12  Overlord  
  13  0:17  Drone  
  14  0:30  Drone  
  15  0:38  Drone  
  16  0:48  Hatchery  
  15  0:52  Drone  
  15  0:55  Drone  
  17  0:59  Drone  
  18  1:10  Extractor  
  17  1:14  Spawning Pool  
  17  1:17  Drone  
  17  1:21  Drone  
  18  1:32  Drone  
  19  1:59  Hatchery  
  19  2:02  Queen  
  19  2:03  Zergling x2  
  19  2:05  Overlord  
  22  2:13  Roach Warren  
  22  2:14  Zergling x2  
  22  2:24  Metabolic Boost  
  22  2:25  Zergling x2  
  22  2:26  Zergling x2  
  24  2:36  Zergling x2  
  25  2:39  Queen  
  27  2:48  Drone, Extractor  
  27  2:57  Overlord  
  27  3:10  Drone x3  
  30  3:22  Roach  
  30  3:23  Roach  
  30  3:24  Overlord  
  30  3:25  Queen  
  36  3:33  Roach  
  38  3:43  Roach x2  
  38  3:44  Ravager  
  38  3:48  Ravager  
  44  3:56  Roach  
  44  3:58  Roach  
  44  4:02  Ravager  
  49  4:10  Zergling x6  
  50  4:17  Roach  
  50  4:23  Zergling x2  
  50  4:24  Overlord  
  51  4:32  Overlord  
  51  4:35  Zergling x2  
  50  4:42  Roach  
  50  4:43  Ravager  
  52  4:47  Zergling x2  
  52  4:51  Ravager  
  53  5:01  Ravager  
  53  5:02  Zergling x4  
  56  5:08  Zergling x4  
  46  5:22  Roach x2  
  46  5:31  Ravager  
  46  5:32  Zergling x4  
  46  5:33  Zergling x2  
  44  5:53  Roach x2, Ravager x2  
  48  5:57  Zergling x4  
  49  6:20  Queen  
  49  6:25  Zergling x2  
  49  6:26  Zergling x6  
  49  6:28  Ravager  
  50  6:48  Overlord  
  50  6:51  Overlord  
  41  7:05  Roach x3  
  41  7:09  Zergling x4  
  41  7:11  Zergling x2  
  44  7:19  Roach  
  44  7:32  Ravager x2  
Show
View Real Time Build Order
Export as new Build Order

HellraiseR Protoss - Winner!

Build Orders:  

Get SALT Encoding   

  12  0:00  Probe  
  13  0:12  Probe  
  14  0:19  Pylon  
  14  0:23  Probe  
  15  0:33  Probe  
  15  0:38  Gateway  
  15  0:42  Probe  
  16  0:46  Assimilator  
  17  0:54  Probe  
  18  1:06  Forge  
  18  1:18  Pylon  
  18  1:20  Pylon  
  18  1:21  Pylon  
  18  1:30  Probe  
  19  1:39  Photon Cannon  
  19  1:40  Cybernetics Core  
  19  1:44  Probe  
  20  1:47  Photon Cannon  
  20  1:56  Probe  
  21  2:01  Assimilator  
  21  2:06  Assimilator, Adept  
  21  2:09  Probe  
  22  2:19  Shield Battery  
  24  2:34  Robotics Facility  
  24  2:38  Pylon  
  24  2:41  Adept  
  26  2:56  Photon Cannon  
  26  2:58  Shield Battery  
  26  3:09  Immortal  
  26  3:26  Shield Battery  
  30  3:30  Photon Cannon  
  30  3:41  Immortal  
  30  3:43  Shield Battery  
  34  3:58  Pylon  
  34  4:09  Shield Battery  
  34  4:13  Warp Prism  
  36  4:30  Robotics Facility  
  32  4:46  Immortal  
  32  4:47  Shield Battery  
  36  5:04  Pylon  
  36  5:17  Immortal  
  44  5:42  Shield Battery  
  40  5:56  Shield Battery, Immortal  
  44  6:02  Robotics Facility  
  44  6:20  Shield Battery  
  44  6:42  Immortal  
  44  6:45  Pylon  
  47  6:47  Shield Battery  
  47  6:51  Immortal  
  47  7:13  Photon Cannon  
Tags
 
Add a new tag
Caveats
  • Supply blocks, unpowered buildings, or Contaminate may cause inaccurate times.
  • Supply counts are checked every 10 seconds.